 Dungeon Crawl Stone Soup version 0.17.0-7-gfadd4cc (webtiles) character file.

1366 MDvedh the Basher (level 8, -8/68 HPs)
             Began as a Hill Orc Ice Elementalist on Nov 8, 2015.
             Was a Follower of Beogh.
             Mangled by an ogre
             ... wielding a +0 giant club
              (15 damage)
             ... on level 6 of the Dungeon.
             The game lasted 00:13:00 (6618 turns).

MDvedh the Basher (Hill Orc Ice Elementalist)       Turns: 6618, Time: 00:13:00

Health: -8/68      AC: 14    Str: 13    XL:     8   Next: 65%
Magic:  4/10       EV:  3    Int: 20    God:    Beogh [*.....]
Gold:   171        SH:  0    Dex: 11    Spells: 1 memorised, 9 levels left

rFire  . . .     SeeInvis .     m - +0 flail (crush)
rCold  + . .     Clarity  .     t - +0 plate armour
rNeg   . . .     SustAt   .     (no shield)
rPois  .         Gourm    .     (no helmet)
rElec  .         Spirit   .     (no cloak)
rCorr  +         Warding  .     (no gloves)
rMut   .         Stasis   .     k - +1 pair of boots
MR     .....                    l - amulet of resist corrosion
Stlth  ..........               p - +2 ring of protection
                                a - ring of protection from cold

@: brilliant, very slightly contaminated, not resistant to hostile enchantments,
extremely unstealthy
A: no striking features
a: Renounce Religion


You were on level 6 of the Dungeon.
You worshipped Beogh.
Beogh was aware of your devotion.
You were hungry.

You visited 1 branch of the dungeon, and saw 6 of its levels.

You collected 171 gold pieces.

Inventory:

Hand Weapons
 m - a +0 flail of crushing (weapon)
Missiles
 s - 2 throwing nets (quivered)
Armour
 k - a +1 pair of boots (worn)
 t - a +0 plate armour (worn)
Jewellery
 a - a ring of protection from cold (left hand)
 g - a cursed amulet of inaccuracy {unknown}
 l - an amulet of resist corrosion (around neck)
 p - a +2 ring of protection (right hand)
Wands
 e - a wand of invisibility (1)
Scrolls
 f - 8 scrolls of identify
 h - 2 scrolls of fog
 i - 2 scrolls of magic mapping
 r - a scroll of teleportation
Potions
 q - 2 potions of invisibility
 u - a potion of beneficial mutation {unknown}
Books
 b - a book of Frost

   Spells                             Type                      Level
   a - Freeze                         Ice                          1
   b - Throw Frost                    Conjuration/Ice              2
   c - Ozocubu's Armour               Charms/Ice                   3
   d - Throw Icicle                   Conjuration/Ice              4
   e - Summon Ice Beast               Ice/Summoning                4
   f - Condensation Shield            Ice                          4
Comestibles
 c - 2 bread rations
 d - a meat ration
 j - a beef jerky
 n - 2 fruits


   Skills:
 - Level 5.1 Fighting
 + Level 10.0 Maces & Flails
 - Level 1.5 Dodging
 - Level 1.5 Stealth
 - Level 1.5 Spellcasting
   Level 1.0 Conjurations
 - Level 2.6 Ice Magic


You had 9 spell levels left.
You knew the following spells:

 Your Spells              Type           Power        Failure   Level  Hunger
a - Freeze                Ice            ###.         87%         1    #......


Dungeon Overview and Level Annotations

Branches:
Dungeon (6/15)             Temple (0/1) D:4

Altars:
Gozag
Trog
Xom
Yredelemnul

Annotations:
D:5 HungrySpirit's ghost, novice OgAM


Message History

Aim: an ogre, wielding a giant club (severely wounded)
You miscast Freeze.
You shiver with cold.
Casting: Freeze
Confirm with . or Enter, or press ? or * to list all spells.
Aiming: Freeze
Press: ? - help, Shift-Dir - straight line, f/p - ogre
Aim: an ogre, wielding a giant club (severely wounded)
You miscast Freeze.
Wisps of condensation drift from your hands.
The ogre barely misses you.
Casting: Freeze
Confirm with . or Enter, or press ? or * to list all spells.
Aiming: Freeze
Press: ? - help, Shift-Dir - straight line, f/p - ogre
Aim: an ogre, wielding a giant club (severely wounded)
You miscast Freeze.
A chill runs through your body. The ogre barely misses you.
Drink which item? (? for menu, Esc to quit)
You feel clever all of a sudden. The ogre hits you with a giant club!
You die...

### #.# #@#
#O# #.#
###########.#
.........##.#
#.
########.##.#
#.. #....#
... #..###
#.# ####..#


You could see an ogre.

Vanquished Creatures
  The ghost of MDvedh the Cleaver, a novice HOIE of Beogh (D:6)
  Eustachio (D:4)
  2 ogres
  A scorpion (D:5)
  A giant frog zombie (D:5)
  A crimson imp (D:4)
  An orc priest (D:5)
  A giant frog skeleton (D:4)
  A hound (D:5)
  A centaur skeleton (D:5)
  Jessica (D:2)
  4 worker ants
  A hound skeleton (D:4)
  7 adders
  13 gnolls
  An adder skeleton (D:4)
  3 worms
  13 orcs
  3 bats
  4 giant cockroaches
  5 hobgoblins
  5 jackals
  2 quokkas
  5 giant geckos
  A giant gecko skeleton (D:4)
  13 giant newts
  5 goblins
  4 kobolds (D:1)
  9 rats
110 creatures vanquished.

Vanquished Creatures (others)
  An adder skeleton (D:3)
  An orc (D:3)
2 creatures vanquished.

Grand Total: 112 creatures vanquished

Notes
Turn   | Place    | Note
--------------------------------------------------------------
     0 | D:1      | MDvedh the Hill Orc Ice Elementalist began the quest for the Orb.
     0 | D:1      | Reached XP level 1. HP: 14/14 MP: 3/3
    43 | D:1      | Reached skill level 1 in Fighting
   234 | D:1      | Reached XP level 2. HP: 22/24 MP: 4/4
   472 | D:1      | Reached skill level 3 in Fighting
   472 | D:1      | Reached XP level 3. HP: 21/31 MP: 2/5
  1273 | D:2      | Noticed Jessica
  1291 | D:2      | Killed Jessica
  1291 | D:2      | Reached skill level 4 in Fighting
  1291 | D:2      | Reached XP level 4. HP: 22/41 MP: 6/6
  1595 | D:2      | Found a faded altar to an unknown god.
  2120 | D:2      | Reached skill level 5 in Fighting
  2315 | D:3      | Reached XP level 5. HP: 48/48 MP: 5/7
  2333 | D:3      | Reached skill level 1 in Maces & Flails
  2361 | D:3      | Became a worshipper of Beogh the Brigand
  3031 | D:3      | You fall through a shaft for 2 floors!
  3031 | D:5      | Entered Level 5 of the Dungeon
  3039 | D:4      | Found an opulent altar of Gozag.
  3445 | D:5      | Reached XP level 6. HP: 40/56 MP: 1/8
  3703 | D:4      | Reached skill level 5 in Maces & Flails
  4361 | D:4      | Found a staircase to the Ecumenical Temple.
  4415 | D:5      | Reached XP level 7. HP: 49/61 MP: 9/9
  4527 | D:5      | Noticed Eustachio
  4581 | D:4      | Killed Eustachio
  4581 | D:4      | Reached skill level 6 in Maces & Flails
  4993 | D:5      | Reached skill level 7 in Maces & Flails
  5202 | D:5      | Noticed HungrySpirit's ghost (novice OgAM)
  5520 | D:5      | Found a bloodstained altar of Trog.
  5526 | D:5      | Found a shimmering altar of Xom.
  5527 | D:5      | Noticed an ogre
  5576 | D:5      | Reached * piety under Beogh
  5593 | D:5      | Noticed a phantom
  6145 | D:5      | Reached skill level 8 in Maces & Flails
  6165 | D:5      | Killed an ogre
  6165 | D:5      | Reached XP level 8. HP: 43/68 MP: 10/10
  6536 | D:6      | Found a basalt altar of Yredelemnul.
  6557 | D:6      | Noticed MDvedh's ghost (novice HOIE)
  6609 | D:6      | Killed MDvedh's ghost
  6609 | D:6      | Reached skill level 10 in Maces & Flails
  6618 | D:6      | Mangled by an ogre

Action                   |  1- 3 |  4- 6 |  7- 9 || total
-------------------------+-------+-------+-------++-------
Melee: Unarmed           |    23 |       |       ||    23
       Whip              |   111 |   236 |       ||   347
       Flail             |       |    19 |   172 ||   191
 Cast: Freeze            |    11 |    61 |     8 ||    80
Invok: Convert to Beogh  |       |     1 |       ||     1
  Use: Scroll            |     4 |     5 |     1 ||    10
       Potion            |       |     3 |     6 ||     9
 Stab: Sleeping          |     3 |       |       ||     3
  Eat: Chunk             |     2 |    10 |     4 ||    16
       Fruit             |       |     1 |       ||     1
       Meat ration       |       |       |     1 ||     1
